 Dungeon Sprint DCSS version 0.21-a0-297-ga3d34c2 (webtiles) character file.

4811 Kidiri the Eclecticist (level 10, -9/66 HPs)
             Began as a Deep Elf Fire Elementalist on Sept 28, 2017.
             Was the Champion of Vehumet.
             Mangled by Donald
             ... wielding a +2 war axe of holy wrath
              (13 damage)
             ... in the Dungeon (Sprint III: "The Ten Rune Challenge").
             The game lasted 00:11:15 (2001 turns).

Kidiri the Eclecticist (Deep Elf Fire Elementalist) Turns: 2001, Time: 00:11:16

Health: -9/66      AC:  3    Str:  5    XL:     10   Next: 24%
Magic:  5/31       EV: 18    Int: 24    God:    Vehumet [******]
Gold:   24         SH:  0    Dex: 15    Spells: 16/40 levels left

rFire    . . .     SeeInvis .   s - +0 dagger
rCold    + . .     Gourm    .   (no shield)
rNeg     . . .     Faith    .   t - +1 robe {rC+}
rPois    .         Spirit   .   (no helmet)
rElec    .         Reflect  .   (no cloak)
rCorr    .         Harm     .   (no gloves)
MR       +....     NoTele   +   (no boots)
Stlth    +.........             (no amulet)
HPRegen  0.21/turn              (no ring)
MPRegen  0.22/turn              (no ring)

@: very slightly contaminated, hasted, slow
A: robust 1
a: Renounce Religion


You were in the Dungeon.
You worshipped Vehumet.
Vehumet was exalted by your worship.
You were not hungry.

You visited 1 branch You collected 24 gold pieces.

Inventory:

Hand Weapons
 s - a +0 dagger (weapon)
Armour
 t - a +1 robe of cold resistance (worn)
Wands
 k - a wand of paralysis (13/24)
Scrolls
 l - a scroll of holy word
 n - 2 scrolls of remove curse
 q - a scroll of immolation
 r - a scroll of fog {unknown}
Potions
 d - 2 potions of curing
 e - a potion of brilliance
 g - 2 potions of magic
 h - a potion of berserk rage
 p - 3 potions of flight
Comestibles
 a - 26 royal jellies
 c - 2 bread rations
 o - a meat ration


   Skills:
 + Level 5.6 Fighting
 + Level 6.8 Short Blades
 + Level 5.6 Armour
 + Level 8.5 Dodging
 - Level 2.4 Stealth
 * Level 15.8 Spellcasting
 + Level 9.8 Conjurations
 + Level 10.2 Fire Magic
 + Level 6.8 Air Magic
 + Level 2.5 Earth Magic
 + Level 7.5 Poison Magic


You had 16 spell levels left.
You knew the following spells:

 Your Spells              Type           Power        Failure   Level  Hunger
a - Flame Tongue          Conj/Fire      #####        1%          1    None
b - Throw Flame           Conj/Fire      ######       1%          2    None
c - Conjure Flame         Conj/Fire      ######..     1%          3    None
d - Inner Flame           Hex/Fire       #####...     1%          3    None
e - Sticky Flame          Conj/Fire      ######..     1%          4    None
f - Fireball              Conj/Fire      ######....   1%          5    ##.....
g - Stone Arrow           Conj/Erth      #####.       1%          3    None
h - Mephitic Cloud        Conj/Pois/Air  ######..     1%          3    None


Dungeon Overview and Level Annotations

Branches:
Dungeon (1/1)

Altars:
Cheibriados
Dithmenos
Elyvilon
Fedhas
Gozag
Hepliaklqana
Kikubaaqudgha
Makhleb
Nemelex Xobeh
Okawaru
Qazlal
Ru
Sif Muna
Trog
Uskayaw
Vehumet
Wu Jian
Xom
Yredelemnul
Zin
The Shining One
Beogh
Jiyva
Lugonu

Annotations:
D exclusion: door, Donald, Frances


Innate Abilities, Weirdness & Mutations

You are robust. (+10% HP)


Message History

You don't have enough magic to cast that spell.
Unknown command.
Unknown command.
You feel yourself speed up.
Donald hits you with a war axe of holy wrath!
* * * LOW HITPOINT WARNING * * *
Frances screams a word of power!
The ufetubus is engulfed in blazing flames.
You kill the ufetubus!
Unknown command.
The hellwing gives a chilling moan.
Unknown command.
Unknown command.
There is an open door, spattered with blood here.
There is an open door here.
There is an open door here.
You enter the shallow water.
Moving in this stuff is going to be slow.
Donald hits you with a war axe of holy wrath!
You die...

############ #___#___#__#
#..)#__)#[_# ###+#+###+##
#..........# +.⌠........#
#...######'#
#.⌠.#__#...#+####################
#...#__#...#.§§≈@@.#.'...4.#.#.#.
#+###__#...#.#§§§#.#.#...##3#.#.#
#.÷[#__#...'.#§§§#.#.#.).#.#.#4#.
#___#__+...#.#§§§#...#...##.#@#.#
▓▓▓▓▓▓▓▓▓▓▓▓▓▓▓▓▓▓▓▓▓▓▓▓▓#.#.#4#.
##.#.#.# +4#.#.#. ##@#.#.#
#'#####


You could see Donald.

Vanquished Creatures
  Josephine (D)
  A centaur warrior (D)
  An unseen horror (D)
  A deep elf mage (D)
  A queen bee (D)
  A shadow (D)
  A spatial vortex (D)
  A necrophage (D)
  2 centaurs (D)
  A water elemental (D)
  A scorpion (D)
  29 killer bees (D)
  A wizard (D)
  A jelly (D)
  Jessica (D)
  A necromancer (D)
  A kobold demonologist (D)
  3 humans (D)
  3 rats (D)
52 creatures vanquished.

Vanquished Creatures (collateral kills)
  2 killer bees (D)
2 creatures vanquished.

Vanquished Creatures (others)
  2 draconian scorchers (D)
  6 hellions (D)
  A yaktaur (D)
  A killer bee (D)
  An electric eel (D)
  2 plants (D)
13 creatures vanquished.

Grand Total: 67 creatures vanquished

Notes
Turn   | Place    | Note
-------+----------+-------------------------------------------
     0 | D        | Kidiri the Deep Elf Fire Elementalist began the quest for the Orb.
     0 | D        | Reached XP level 1. HP: 10/10 MP: 6/6
   108 | D        | Killed a hellion
   115 | D        | Killed a hellion
   116 | D        | Killed a hellion
   117 | D        | Killed a hellion
   117 | D        | Killed a hellion
   134 | D        | Noticed Jessica
   137 | D        | Killed Jessica
   137 | D        | Reached skill level 6 in Spellcasting
   137 | D        | Reached XP level 2. HP: 15/15 MP: 4/11
   141 | D        | Learned a level 2 spell: Throw Flame
   172 | D        | Killed a hellion
   202 | D        | Noticed a scorpion
   209 | D        | Killed a scorpion
   209 | D        | Reached skill level 8 in Spellcasting
   209 | D        | Reached skill level 5 in Fire Magic
   209 | D        | Reached XP level 3. HP: 6/19 MP: 6/14
   209 | D        | Reached XP level 4. HP: 7/24 MP: 6/16
   231 | D        | Learned a level 3 spell: Conjure Flame
   235 | D        | Learned a level 3 spell: Inner Flame
   236 | D        | Killed a white draconian scorcher
   240 | D        | Learned a level 4 spell: Sticky Flame
   376 | D        | Killed a white draconian scorcher
   414 | D        | Gained mutation: You have a pair of small horns on your head. [potion of mutation]
   414 | D        | Gained mutation: You are partially covered in yellow scales. (AC +2) [potion of mutation]
   415 | D        | Lost mutation: You have a pair of small horns on your head. [potion of mutation]
   415 | D        | Lost mutation: You are partially covered in yellow scales. (AC +2) [potion of mutation]
   415 | D        | Gained mutation: Your spells are a little harder to cast, but a little more powerful. [potion of mutation]
   415 | D        | Gained mutation: Armour fits poorly on your strangely shaped body. [potion of mutation]
   415 | D        | Gained mutation: You have supernaturally acute eyesight. (SInv) [potion of mutation]
   416 | D        | Lost mutation: You have supernaturally acute eyesight. (SInv) [potion of mutation]
   416 | D        | Lost mutation: Your spells are a little harder to cast, but a little more powerful. [potion of mutation]
   416 | D        | Lost mutation: Armour fits poorly on your strangely shaped body. [potion of mutation]
   416 | D        | Gained mutation: Potions are less effective at restoring your health. [potion of mutation]
   416 | D        | Gained mutation: You have a pair of small antennae on your head. [potion of mutation]
   416 | D        | Gained mutation: You have sharp toenails. [potion of mutation]
   416 | D        | Gained mutation: Your spells are a little harder to cast, but a little more powerful. [potion of mutation]
   417 | D        | Lost mutation: You have a pair of small antennae on your head. [potion of mutation]
   417 | D        | Lost mutation: Your spells are a little harder to cast, but a little more powerful. [potion of mutation]
   417 | D        | Lost mutation: You have sharp toenails. [potion of mutation]
   417 | D        | Gained mutation: Your muscles are strong. (Str +2) [potion of mutation]
   417 | D        | Gained mutation: You are frail. (-10% HP) [potion of mutation]
   417 | D        | Gained mutation: You are very frail. (-20% HP) [potion of mutation]
   417 | D        | Gained mutation: You are partially covered in slimy green scales. (AC +2) [potion of mutation]
   418 | D        | Lost mutation: Your muscles are strong. (Str +2) [potion of mutation]
   418 | D        | Lost mutation: You are very frail. (-20% HP) [potion of mutation]
   418 | D        | Lost mutation: Potions are less effective at restoring your health. [potion of mutation]
   418 | D        | Lost mutation: You are frail. (-10% HP) [potion of mutation]
   418 | D        | Gained mutation: You are partially covered in yellow scales. (AC +2) [potion of mutation]
   419 | D        | Lost mutation: You are partially covered in yellow scales. (AC +2) [potion of mutation]
   419 | D        | Lost mutation: You are partially covered in slimy green scales. (AC +2) [potion of mutation]
   419 | D        | Gained mutation: You are weak. (Str -2) [potion of mutation]
   419 | D        | Gained mutation: You are robust. (+10% HP) [potion of mutation]
   419 | D        | Lost mutation: You are weak. (Str -2) [potion of mutation]
   512 | D        | Killed a yaktaur
   533 | D        | Noticed a water elemental
   537 | D        | Killed a water elemental
   537 | D        | Reached skill level 10 in Spellcasting
   537 | D        | Reached skill level 5 in Conjurations
   537 | D        | Reached XP level 5. HP: 30/30 MP: 11/19
   545 | D        | Learned a level 5 spell: Fireball
   584 | D        | Found a radiant altar of Vehumet.
   585 | D        | Found a deep blue altar of Sif Muna.
   585 | D        | Found an ancient bone altar of Kikubaaqudgha.
   600 | D        | Learned a level 3 spell: Mephitic Cloud
   605 | D        | Became a worshipper of Vehumet
   647 | D        | Found a glowing silver altar of Zin.
   648 | D        | Found a glowing golden altar of the Shining One.
   648 | D        | Found a white marble altar of Elyvilon.
   648 | D        | Noticed a deep elf mage
   659 | D        | Killed a deep elf mage
   659 | D        | Reached skill level 12 in Spellcasting
   659 | D        | Reached XP level 6. HP: 26/39 MP: 14/23
   659 | D        | Reached XP level 7. HP: 29/44 MP: 14/24
   763 | D        | Found an ornate altar of the Wu Jian Council.
   763 | D        | Found a roughly hewn altar of Beogh.
   763 | D        | Found an iron altar of Okawaru.
   763 | D        | Found a bloodstained altar of Trog.
   763 | D        | Found a hide-covered altar of Uskayaw.
   763 | D        | Noticed a human
   763 | D        | Noticed a human
   770 | D        | Killed a human
   770 | D        | Reached skill level 5 in Dodging
   774 | D        | Killed a human
   774 | D        | Reached * piety under Vehumet
   774 | D        | Offered knowledge of Sting by Vehumet.
   872 | D        | Found a basalt altar of Yredelemnul.
   872 | D        | Found a shadowy altar of Dithmenos.
   872 | D        | Found a sacrificial altar of Ru.
   873 | D        | Reached skill level 13 in Spellcasting
   879 | D        | Reached XP level 8. HP: 50/50 MP: 19/27
   925 | D        | Reached ** piety under Vehumet
   925 | D        | Offered knowledge of Sandblast by Vehumet.
   960 | D        | Found a blossoming altar of Fedhas.
   960 | D        | Found a stormy altar of Qazlal.
   960 | D        | Found a snail-covered altar of Cheibriados.
   960 | D        | Found a burning altar of Makhleb.
   960 | D        | Found a shimmering altar of Xom.
   962 | D        | Found a hazy altar of Hepliaklqana.
   962 | D        | Found an opulent altar of Gozag.
   962 | D        | Found a sparkling altar of Nemelex Xobeh.
   962 | D        | Found a corrupted altar of Lugonu.
   962 | D        | Found a viscous altar of Jiyva.
  1057 | D        | Noticed Josephine
  1061 | D        | Killed Josephine
  1061 | D        | Reached skill level 5 in Short Blades
  1061 | D        | Reached skill level 14 in Spellcasting
  1061 | D        | Reached skill level 5 in Air Magic
  1061 | D        | Reached skill level 5 in Poison Magic
  1061 | D        | Reached XP level 9. HP: 32/57 MP: 6/29
  1321 | D        | Noticed a centaur warrior
  1326 | D        | Offered knowledge of Dazzling Spray by Vehumet.
  1326 | D        | Reached *** piety under Vehumet
  1339 | D        | Killed a centaur warrior
  1573 | D        | Noticed an unseen horror
  1579 | D        | Killed an unseen horror
  1579 | D        | Offered knowledge of Stone Arrow by Vehumet.
  1579 | D        | Reached skill level 5 in Fighting
  1579 | D        | Reached skill level 5 in Armour
  1579 | D        | Reached skill level 15 in Spellcasting
  1584 | D        | Learned a level 3 spell: Stone Arrow
  1860 | D        | Reached **** piety under Vehumet
  1861 | D        | Offered knowledge of Static Discharge by Vehumet.
  1865 | D        | Noticed a queen bee
  1868 | D        | Reached skill level 10 in Fire Magic
  1869 | D        | Reached ***** piety under Vehumet
  1869 | D        | Killed a queen bee
  1869 | D        | Reached skill level 1 in Earth Magic
  1869 | D        | Reached XP level 10. HP: 64/64 MP: 22/31
  1879 | D        | Reached ****** piety under Vehumet
  1974 | D        | Noticed Donald
  1974 | D        | Noticed Frances
  1982 | D        | Noticed a rust devil
  1983 | D        | HP: 2/66 [Donald/war axe of holy wrath (15)]
  1984 | D        | Noticed a sixfirhy
  2001 | D        | Mangled by Donald

Vault maps used:
D:        dungeon_sprint_mu

Skill      XL: |  1  2  3  4  5  6  7  8  9 10 |
---------------+-------------------------------+-----
Spellcasting   | 6 8 10 12 13 14 15 | 15.8
Conjurations   | 3 4 5 7 8 9 |  9.8
Fire Magic     | 4 5 6 8 9 10 | 10.2
Fighting       | 2 3 4 5 |  5.6
Short Blades   | 3 4 5 6 |  6.8
Armour         | 2 3 4 5 |  5.6
Dodging        | 4 5 6 8 |  8.5
Air Magic      | 3 4 5 6 |  6.8
Poison Magic   | 3 4 5 6 7 |  7.5
Earth Magic    | 1 2 |  2.5
Stealth        | |  2.4

Action                   |  1- 3 |  4- 6 |  7- 9 | 10-12 || total
-------------------------+-------+-------+-------+-------++-------
Melee: Dagger            |       |       |     7 |       ||     7
 Cast: Flame Tongue      |    13 |    10 |    36 |     7 ||    66
       Conjure Flame     |       |     1 |     3 |     2 ||     6
       Throw Flame       |       |     1 |       |       ||     1
       Sticky Flame      |       |     3 |     8 |     1 ||    12
       Inner Flame       |       |       |     4 |     7 ||    11
       Mephitic Cloud    |       |       |     4 |     3 ||     7
       Fireball          |       |       |     5 |     3 ||     8
  Use: Potion            |       |     7 |       |     1 ||     8
       Scroll            |       |       |     3 |     1 ||     4
 Stab: Confused          |       |       |     2 |       ||     2
  Eat: Chunk             |       |       |     2 |       ||     2
       Royal jelly       |       |       |     1 |       ||     1
Armor: Robe              |       |     1 |     2 |       ||     3
Dodge: Dodged            |       |     1 |    11 |       ||    12

Table legend:
 A = Spawn XP
 B = Non-spawn XP
 C = Spawn XP percentage of total XP
 D = Spawn monster count
 E = Non-spawn monster count
 F = Spawn count percentage of total count
 G = Total turns spent on level
                    A         B        C        D         E        F      G
               +---------+---------+-------+---------+---------+-------+---------
         Total |       0 |    6873 |   0.0 |       0 |      55 |   0.0 |  2001
               +---------+---------+-------+---------+---------+-------+---------
             D |       0 |    6873 |   0.0 |       0 |      55 |   0.0 |  2001
               +---------+---------+-------+---------+---------+-------+---------
